AoeStats
← IdliDosa

MegaRandom

507517951Analyzed
2v2 RM · 13d ago on Sep 18, 2026· 55m 6s· 4 players
Game mode
Random Map
Map size
Medium (4 player)
Population
200
Speed
Normal
Resources
Standard
Victory
Conquest
Starting age
Dark Age
Ending age
Imperial Age
RankedLock teamsTeams togetherTeam positionsShared explorationLock speedFull tech treeHidden civsTurbo modeCheats
Victory
Defeat
🇵🇱 Khmer · Poland
1184
+12
🇮🇳 Koreans · India
1155
+13
🇮🇹 Celts · Italy
1129
-13
🇪🇸 Lithuanians · Spain
1068
-12
Salty Ballz
8:19 Loom
10:16 Feudal Age
10:49 Man-at-Arms
11:47 Arson
18:13 Castle Age
16:06 Gold Mining
17:15 Double-Bit Axe
28:13 Imperial Age
28:51 Fletching
28:30 Pikeman
29:37 Scale Mail Armor
32:04 Ballistics
34:35 Capped Ram
40:06 Chain Mail Armor
40:02 Forging
50:39 Town Watch
OBrien11
0:29 Loom
12:49 Feudal Age
14:08 Wheelbarrow
13:22 Double-Bit Axe
13:52 Fishing Lines
21:35 Castle Age
20:09 Scale Barding Armor
20:46 Bloodlines
20:37 Gold Mining
21:25 Forging
22:35 Gillnets
23:12 Husbandry
24:16 Bow Saw
25:54 Stone Mining
27:21 Chain Barding Armor
29:46 Hand Cart
29:53 Herbal Medicine
30:54 Ballistics
31:33 Horse Collar
35:30 Imperial Age
35:33 Iron Casting
34:49 Fletching
35:04 Heavy Plow
35:31 Elite Leitis
36:53 Conscription
37:36 Plate Barding Armor
37:33 Bodkin Arrow
42:09 Medium Warships
47:35 Heavy Warships
50:48 Masonry
50:40 Murder Holes
kontakt
3:47 Loom
10:31 Feudal Age
12:49 Double-Bit Axe
16:18 Fletching
22:23 Castle Age
20:36 Horse Collar
21:59 Bloodlines
22:27 Crossbowman
22:51 Light Cavalry
23:57 Town Watch
24:48 Forging
25:34 Husbandry
27:46 Gold Mining
29:14 Bow Saw
29:07 Heavy Plow
33:59 Imperial Age
32:15 Padded Archer Armor
33:34 Wheelbarrow
35:36 Double Crossbow
37:59 Pikeman
41:13 Iron Casting
41:01 Halberdier
41:44 Scale Mail Armor
IdliDosa
7:14 Loom
10:42 Feudal Age
12:43 Double-Bit Axe
14:31 Fletching
16:18 Horse Collar
21:34 Castle Age
22:13 Bodkin Arrow
21:40 Crossbowman
23:59 Bow Saw
23:57 Heavy Plow
25:10 Gambesons
25:28 Squires
26:46 Scale Mail Armor
28:04 Fervor
28:16 Sanctity
28:43 Wheelbarrow
29:17 Chain Mail Armor
29:11 Gold Mining
29:11 Stone Mining
30:28 Forging
31:53 Hand Cart
31:42 Town Watch
33:37 Iron Casting
35:35 Ballistics
39:08 Imperial Age
38:04 Eupseong
37:54 Arson
38:47 Thumb Ring
39:30 Elite War Wagon
40:31 Conscription
41:16 Chemistry
40:17 Bracer
41:01 Elite Fire Lancer
43:16 Plate Mail Armor
45:20 Siege Engineers
45:25 Masonry
44:56 Treadmill Crane
45:12 Murder Holes
45:05 Arrowslits
47:27 Architecture
50:48 Gold Shaft Mining
50:48 Stone Shaft Mining
52:06 Medium Warships
52:06 Elite Cannon Galleon
53:47 Heavy Warships
54:12 Elite Turtle Ship
Connection lost

Rejoining the realm…

Still unreachable

The connection could not be restored.

Session expired

The server has moved on; the page needs a fresh start.